 Dungeon Sprint DCSS version 0.22-a0-614-g34fbaa0 (webtiles) character file.

1268 Krakonus1 the Bludgeoner (level 8, -1/117 HPs)
             Began as an Ogre Berserker on July 19, 2018.
             Was a High Priest of Trog.
             Slain by an eight-headed hydra (11 damage)
             ... in the Dungeon (Sprint IX: "|||||||||||||||||||||||||||||").
             The game lasted 00:03:23 (375 turns).

Krakonus1 the Bludgeoner (Ogre Berserker)            Turns: 375, Time: 00:03:24

Health: -1/117     AC:  4    Str: 29    XL:     8   Next: 53%
Magic:  8/8        EV: 12    Int: 11    God:    Trog [*****.]
Gold:   0          SH:  0    Dex:  8    Spells: 7/7 levels left

rFire    . . .     SeeInvis .   m - +2 morningstar (crush)
rCold    . . .     Gourm    .   (no shield)
rNeg     . . .     Faith    .   b - +0 animal skin
rPois    .         Spirit   .   (helmet restricted)
rElec    .         Reflect  .   o - +0 cloak
rCorr    .         Harm     .   (gloves unavailable)
MR       .....     NoTele   +   (boots unavailable)
Stlth    ..........             (no amulet)
HPRegen  0.29/turn              p - +2 ring of evasion
MPRegen  0.11/turn              q - +3 ring of intelligence

@: berserking (expiring), very quick
A: large, unfitting armour, tough skin 1
a: Berserk, Trog's Hand, Brothers in Arms, Renounce Religion


You were in the Dungeon.
You worshipped Trog.
Trog was extremely pleased with you.
You were very hungry.

You visited 1 branch

Inventory:

Hand Weapons
 a - a +0 mace
 m - a +2 morningstar of crushing (weapon)
 n - a +4 quarterstaff of speed
 r - the +2 halberd "Woerch" {chop, rC+ Str+3}
   (You found it in the Dungeon)

   It inflicts extra damage upon your enemies.
   It affects your strength (+3).
   It protects you from cold.
 s - a +2 rapier of draining
 t - a +2 scimitar of holy wrath
 u - a +3 war axe of freezing
Armour
 b - a +0 animal skin (worn)
 o - a +0 cloak (worn)
Jewellery
 p - a +2 ring of evasion (left hand)
 q - a +3 ring of intelligence (right hand)
Wands
 l - a wand of acid (10)
Scrolls
 i - 2 scrolls of blinking
 k - 3 scrolls of remove curse
Potions
 d - 5 potions of curing
 e - a potion of invisibility
 f - a potion of haste
 g - 4 potions of magic
 h - a potion of berserk rage
 j - 2 potions of heal wounds
Comestibles
 c - a ration


   Skills:
 - Level 4.0 Fighting
 * Level 16.0 Maces & Flails
 - Level 2.6 Dodging


You had 7 spell levels left.
You didn't know any spells.
Your spell library was empty.

Dungeon Overview and Level Annotations

Branches:
Dungeon (1/1)

Altars:
Cheibriados
Dithmenos
Elyvilon
Fedhas
Gozag
Hepliaklqana
Kikubaaqudgha
Makhleb
Nemelex Xobeh
Okawaru
Qazlal
Ru
Sif Muna
Trog
Uskayaw
Vehumet
Wu Jian
Xom
Yredelemnul
Zin
The Shining One
Beogh
Jiyva
Lugonu


Innate Abilities, Weirdness & Mutations

You are too large for most types of armour.
You have tough skin. (AC +1)


Message History

There is an open door, spattered with blood here.
You thump the yak!
The yak is heavily wounded.
The yak gores you but does no damage.
You impale the yak!!
You kill the yak!
Trog accepts your kill.
Your Maces & Flails skill increases to level 16!
You thump the eight-headed hydra!
The eight-headed hydra is lightly wounded.
You sock the eight-headed hydra!
The eight-headed hydra is heavily wounded.
The eight-headed hydra barely misses you.
The eight-headed hydra bites you!
* * * LOW HITPOINT WARNING * * *
The eight-headed hydra barely misses you. x2
The eight-headed hydra bites you.
* * * LOW HITPOINT WARNING * * *
The eight-headed hydra bites you!
You die...

▓.▓
▓)▓
▓)▓
▓[▓
▓.▓
▓.▓
▓.▓
▓.▓
▓@▓
▓D▓
▓Y▓
▓T▓
▓a▓
▓.▓
▓.▓
▓+▓


You could see an eight-headed hydra, a troll, an ice beast and a worker ant.

Vanquished Creatures
  An unseen horror (D)
  A wyvern (D)
  A yak (D)
  A sky beast (D)
  An orc warrior (D)
  A centaur (D)
  A big kobold (D)
  A bullfrog (D)
  A scorpion (D)
  A shadow imp (D)
  2 leopard geckos (D)
  An orc (D)
  A giant cockroach (D)
  2 hobgoblins (D)
  A kobold (D)
  A bat (D)
18 creatures vanquished.

Notes
Turn   | Place    | Note
-------+----------+-------------------------------------------
     0 | D        | Krakonus1 the Ogre Berserker began the quest for the Orb.
     0 | D        | Reached XP level 1. HP: 24/24 MP: 1/1
     4 | D        | Reached skill level 3 in Maces & Flails
    15 | D        | Reached ** piety under Trog
    19 | D        | Reached skill level 4 in Maces & Flails
    36 | D        | Noticed a scorpion
    36 | D        | Noticed a sky beast
    40 | D        | Killed a scorpion
    40 | D        | Reached skill level 7 in Maces & Flails
    40 | D        | Reached XP level 2. HP: 32/32 MP: 2/2
    40 | D        | Reached XP level 3. HP: 39/39 MP: 3/3
    41 | D        | Reached *** piety under Trog
    41 | D        | Reached XP level 4. HP: 48/48 MP: 4/4
    59 | D        | Killed a sky beast
    59 | D        | Reached skill level 10 in Maces & Flails
    59 | D        | Reached XP level 5. HP: 18/54 MP: 5/5
   248 | D        | Found a roughly hewn altar of Beogh.
   248 | D        | Found a snail-covered altar of Cheibriados.
   248 | D        | Found a shadowy altar of Dithmenos.
   248 | D        | Found a white marble altar of Elyvilon.
   248 | D        | Found a blossoming altar of Fedhas.
   248 | D        | Found an opulent altar of Gozag.
   249 | D        | Found a hazy altar of Hepliaklqana.
   250 | D        | Found a viscous altar of Jiyva.
   251 | D        | Found an ancient bone altar of Kikubaaqudgha.
   252 | D        | Found a corrupted altar of Lugonu.
   253 | D        | Found a burning altar of Makhleb.
   254 | D        | Found a sparkling altar of Nemelex Xobeh.
   255 | D        | Found an iron altar of Okawaru.
   256 | D        | Found a stormy altar of Qazlal.
   257 | D        | Found a sacrificial altar of Ru.
   258 | D        | Found a deep blue altar of Sif Muna.
   259 | D        | Found a bloodstained altar of Trog.
   260 | D        | Found a hide-covered altar of Uskayaw.
   261 | D        | Found a radiant altar of Vehumet.
   262 | D        | Found an ornate altar of the Wu Jian Council.
   263 | D        | Found a shimmering altar of Xom.
   264 | D        | Found a basalt altar of Yredelemnul.
   265 | D        | Found a glowing silver altar of Zin.
   266 | D        | Found a glowing golden altar of the Shining One.
   297 | D        | Got the +2 halberd "Woerch" {chop, rC+ Str+3}
   313 | D        | Noticed a centaur
   313 | D        | Noticed a big kobold
   313 | D        | Noticed a wyvern
   313 | D        | Noticed an orc warrior
   315 | D        | Killed a centaur
   315 | D        | Reached **** piety under Trog
   315 | D        | Reached skill level 11 in Maces & Flails
   315 | D        | Reached XP level 6. HP: 62/62 MP: 6/6
   323 | D        | Reached skill level 12 in Maces & Flails
   325 | D        | Killed a wyvern
   325 | D        | Reached skill level 13 in Maces & Flails
   325 | D        | Reached XP level 7. HP: 70/70 MP: 7/7
   329 | D        | Reached skill level 14 in Maces & Flails
   332 | D        | Reached ***** piety under Trog
   356 | D        | Noticed a yak
   356 | D        | Noticed a troll
   356 | D        | Noticed an eight-headed hydra
   370 | D        | Killed an unseen horror
   370 | D        | Reached skill level 15 in Maces & Flails
   370 | D        | Reached XP level 8. HP: 34/78 MP: 8/8
   373 | D        | Killed a yak
   373 | D        | Reached skill level 16 in Maces & Flails
   375 | D        | HP: 10/117 [eight-headed hydra (2)]
   375 | D        | Slain by an eight-headed hydra

Vault maps used:
D:        linesprint

Skill      XL: |  1  2  3  4  5  6  7  8 |
---------------+-------------------------+-----
Maces & Flails | 7 10 11 13 15 16 | 16.0
Fighting       | |  4.0
Dodging        | |  2.6

Action                   |  1- 3 |  4- 6 |  7- 9 || total
-------------------------+-------+-------+-------++-------
Melee: Mace              |    23 |    16 |       ||    39
       Morningstar       |       |    11 |    22 ||    33
Invok: Berserk           |     1 |     1 |     1 ||     3
  Use: Potion            |       |     1 |       ||     1
Armor: Animal skin       |     3 |     3 |     3 ||     9
Dodge: Dodged            |    21 |     8 |     8 ||    37

Table legend:
 A = Spawn XP
 B = Non-spawn XP
 C = Spawn XP percentage of total XP
 D = Spawn monster count
 E = Non-spawn monster count
 F = Spawn count percentage of total count
 G = Total turns spent on level
                    A         B        C        D         E        F      G
               +---------+---------+-------+---------+---------+-------+---------
         Total |       0 |    1812 |   0.0 |       0 |      18 |   0.0 |   375
               +---------+---------+-------+---------+---------+-------+---------
             D |       0 |    1812 |   0.0 |       0 |      18 |   0.0 |   375
               +---------+---------+-------+---------+---------+-------+---------
